[Event "January 2 Late 2024"]
[Site "https://www.chess.com"]
[Date "2024.01.02"]
[Round "7"]
[White "Radjabov, Teimour"]
[Black "Kukhmazov, Arsen"]
[Result "1-0"]
[Board "11"]
[TimeControl "180+1"]
[WhiteFideId "13400924"]
[BlackFideId "24108260"]
[WhiteElo "3031"]
[BlackElo "2875"]
[WhiteTeam "AZE"]
[BlackTeam "FID"]
[WhiteClock "0:00:03"]
[BlackClock "0:00:02"]

1. e4 c6 2. d4 d5 3. exd5 cxd5 4. Bd3 Nc6 5. c3 Nf6 6. h3 e5 7. dxe5 Nxe5 8. Nf3 Nxd3+ 9. Qxd3 Bd6 10. O-O O-O 11. Bg5 h6 12. Bh4 Bf4 13. Nbd2 Qd6 14. Nd4 Bd7 15. Bg3 Bxg3 16. Qxg3 Qxg3 17. fxg3 Rfe8 18. Rfe1 Kf8 19. Kf2 Be6 20. Re3 Re7 21. Rae1 Rae8 22. g4 Nd7 23. Nb5 Nb6 24. Nd6 Rd8 25. Nf5 Rc7 26. Nd4 Bd7 27. Re5 Re8 28. Rxe8+ Bxe8 29. Rb1 Na4 30. N2b3 Re7 31. Nf5 Re5 32. Nbd4 Bd7 33. Ng3 Ke7 34. Nf1 Kd6 35. Ne3 g6 36. Kf3 a6 37. Nf1 Nc5 38. Rd1 f5 39. gxf5 Bxf5 40. Ng3 Be4+ 41. Nxe4+ Rxe4 42. Rd2 Na4 43. Ne2 Ke5 44. Nc1 g5 45. Nd3+ Kd6 46. g3 a5 47. Kf2 b6 48. Kf3 Ke6 49. Kf2 Kd6 50. Ne1 Ke5 51. Nf3+ Kd6 52. Nd4 Ke5 53. Kg2 h5 54. Rf2 g4 55. h4 Kd6 56. Rf6+ Kc5 57. Rc6# 1-0

[Event "January 2 Late 2024"]
[Site "https://www.chess.com"]
[Date "2024.01.02"]
[Round "7"]
[White "Makarian, Rudik"]
[Black "Szpar, Milosz"]
[Result "1/2-1/2"]
[Board "12"]
[TimeControl "180+1"]
[WhiteFideId "44105681"]
[BlackFideId "1184989"]
[WhiteElo "3026"]
[BlackElo "2871"]
[WhiteTeam "FID"]
[BlackTeam "POL"]
[WhiteClock "0:00:02"]
[BlackClock "0:00:02"]

1. e4 e6 2. d3 d5 3. Nd2 Be7 4. Ngf3 Nf6 5. g3 O-O 6. Bg2 a5 7. O-O a4 8. a3 Nc6 9. e5 Nd7 10. Re1 Na5 11. h4 c5 12. Nf1 b5 13. N1h2 b4 14. h5 b3 15. c3 Bb7 16. h6 g6 17. Ng4 Kh8 18. Bf4 Bc6 19. Qd2 d4 20. c4 Bxf3 21. Bxf3 Ra6 22. Qe2 Rg8 23. Kg2 Nc6 24. Bxc6 Rxc6 25. Qf3 Qa8 26. Kh2 Rcc8 27. Re4 Rcf8 28. Rae1 g5 29. Bd2 Rg6 30. Kg2 f5 31. exf6 Nxf6 32. Rxe6 Qxf3+ 33. Kxf3 Ne4+ 34. Kg2 Rxe6 35. dxe4 Kg8 36. f4 gxf4 37. gxf4 Bh4 38. Rh1 Rxe4 39. Kf3 Rexf4+ 40. Bxf4 Bg5 41. Nf2 Rxf4+ 42. Ke2 Rf5 43. Ne4 Be7 44. Rg1+ Kf8 45. Rg7 Rf7 46. Rg4 Rf5 47. Rg7 Rf7 48. Rg4 Rf5 49. Rg7 1/2-1/2

[Event "January 2 Late 2024"]
[Site "https://www.chess.com"]
[Date "2024.01.02"]
[Round "7"]
[White "Xiong, Jeffery"]
[Black "Mahdavi, Reza"]
[Result "1-0"]
[Board "13"]
[TimeControl "180+1"]
[WhiteFideId "2047640"]
[BlackFideId "12595926"]
[WhiteElo "3020"]
[BlackElo "2869"]
[WhiteTeam "USA"]
[BlackTeam "IRI"]
[WhiteClock "0:00:29"]
[BlackClock "0:00:00"]

1. d4 Nf6 2. c4 e6 3. Nc3 Bb4 4. Nf3 c5 5. g3 O-O 6. Bg2 d5 7. cxd5 Nxd5 8. Bd2 cxd4 9. Nxd5 Bxd2+ 10. Qxd2 Qxd5 11. Qxd4 Qa5+ 12. Qd2 Qb6 13. Ne5 Rd8 14. Qc3 Nd7 15. Nc4 Qc7 16. Rc1 Nf6 17. Ne3 Qb6 18. O-O Bd7 19. Nc4 Qa6 20. Qa5 Bb5 21. Rfd1 Rxd1+ 22. Rxd1 h6 23. Bxb7 Qxb7 24. Nd6 Qd7 25. Qxb5 Qxb5 26. Nxb5 Rb8 27. Nxa7 Rxb2 28. a4 Ra2 29. Rd4 Nd5 30. e4 Nc3 31. Rd8+ Kh7 32. Nb5 Nxe4 33. Ra8 Nxf2 34. a5 Ne4 35. a6 g5 36. a7 g4 37. Rf8 1-0

[Event "January 2 Late 2024"]
[Site "https://www.chess.com"]
[Date "2024.01.02"]
[Round "7"]
[White "Maksimovic, Bojan"]
[Black "Sarana, Alexey"]
[Result "0-1"]
[Board "14"]
[TimeControl "180+1"]
[WhiteFideId "14408120"]
[BlackFideId "24133795"]
[WhiteElo "2864"]
[BlackElo "3015"]
[WhiteTeam "BIH"]
[BlackTeam "SRB"]
[WhiteClock "0:00:01"]
[BlackClock "0:02:17"]

1. a3 d5 2. h3 e5 3. e3 c5 4. d4 cxd4 5. exd4 e4 6. c4 Nf6 7. Nc3 Be7 8. cxd5 O-O 9. Bc4 Nbd7 10. Bg5 Nb6 11. Bxf6 Bxf6 12. Ba2 Bh4 13. g3 Bg5 14. Nge2 f5 15. h4 Bh6 16. Nf4 Bxf4 17. gxf4 Qd6 18. Qd2 Bd7 19. Nd1 Rac8 20. Ne3 Qxf4 21. h5 h6 22. Rg1 Kh8 23. Nf1 Qh4 24. Ng3 e3 25. fxe3 f4 26. exf4 Rxf4 27. Rc1 Re8+ 28. Kd1 Rxd4 0-1

[Event "January 2 Late 2024"]
[Site "https://www.chess.com"]
[Date "2024.01.02"]
[Round "7"]
[White "Bortnyk, Olexandr"]
[Black "Panchenko, Dmitry"]
[Result "1-0"]
[Board "15"]
[TimeControl "180+1"]
[WhiteFideId "14120828"]
[BlackFideId "4169158"]
[WhiteElo "3013"]
[BlackElo "2826"]
[WhiteTeam "UKR"]
[BlackTeam "RUS"]
[WhiteClock "0:01:10"]
[BlackClock "0:00:00"]

1. e4 c6 2. d4 d5 3. Nc3 dxe4 4. Nxe4 Bf5 5. Ng3 Bg6 6. f4 e6 7. Nf3 Bd6 8. Bc4 Ne7 9. c3 Nd7 10. Qe2 Nf6 11. h4 Nh5 12. Qf2 Nxf4 13. Bxf4 Bxf4 14. h5 Bf5 15. Nh4 Bxg3 16. Qxg3 O-O 17. h6 g6 18. O-O Kh8 19. Rae1 Nd5 20. Nxf5 exf5 21. Rxf5 f6 22. Bxd5 cxd5 23. Re6 Qd7 24. Rfxf6 Rxf6 25. Rxf6 Re8 26. Rd6 Qf5 27. Qe5+ Qxe5 28. dxe5 Kg8 29. Rxd5 Kf7 30. Rd7+ Re7 31. Rxe7+ Kxe7 32. Kf2 Ke6 33. Ke3 Kxe5 34. c4 g5 35. g4 Kf6 36. Ke4 Kg6 37. Ke5 Kxh6 38. Kf6 b6 39. b4 1-0

[Event "January 2 Late 2024"]
[Site "https://www.chess.com"]
[Date "2024.01.02"]
[Round "7"]
[White "Czarnota, Pawel"]
[Black "Van Foreest, Jorden"]
[Result "1-0"]
[Board "16"]
[TimeControl "180+1"]
[WhiteFideId "1121219"]
[BlackFideId "1039784"]
[WhiteElo "2834"]
[BlackElo "3008"]
[WhiteTeam "POL"]
[BlackTeam "NED"]
[WhiteClock "0:01:13"]
[BlackClock "0:00:35"]

1. e4 c6 2. d4 d5 3. e5 Bf5 4. Nf3 e6 5. Nbd2 Nd7 6. Nb3 Ne7 7. Be2 h6 8. O-O a5 9. a4 Bg6 10. Bd2 Nf5 11. c4 Qb6 12. cxd5 exd5 13. g4 Ne7 14. Nh4 Bh7 15. Ng2 g5 16. f4 gxf4 17. Nxf4 Nxe5 18. Bxa5 Rxa5 19. Nxa5 Qxa5 20. dxe5 Ng6 21. Nxg6 Bxg6 22. Bd3 Rg8 23. Bxg6 Rxg6 24. Qf3 Rg7 25. Kh1 Qb4 26. e6 fxe6 27. Rae1 Bd6 28. Qf6 Qxg4 29. Rg1 Qh3 30. Qxe6+ 1-0

[Event "January 2 Late 2024"]
[Site "https://www.chess.com"]
[Date "2024.01.02"]
[Round "7"]
[White "Iturrizaga Bonelli, Eduardo"]
[Black "Song, Ethan"]
[Result "1-0"]
[Board "17"]
[TimeControl "180+1"]
[WhiteFideId "3901211"]
[BlackFideId "62900412"]
[WhiteElo "2987"]
[BlackElo "2776"]
[WhiteTeam "ESP"]
[BlackTeam "CAN"]
[WhiteClock "0:00:31"]
[BlackClock "0:01:19"]

1. c4 e5 2. g3 Nf6 3. Bg2 c6 4. d4 e4 5. d5 Qe7 6. Nc3 h6 7. Qd4 c5 8. Qe3 d6 9. Nxe4 Nxe4 10. Qxe4 f5 11. Qc2 g6 12. Nh3 Bg7 13. Nf4 Qf7 14. Ne6 Na6 15. O-O Bf6 16. e4 Nb4 17. Qd1 Bxe6 18. dxe6 Qxe6 19. exf5 Qxf5 20. Bxb7 Rb8 21. Re1+ Kf7 22. Be4 Qd7 23. a3 Na6 24. Qd3 g5 25. Bf5 Qc7 26. Rb1 Kg7 27. Re6 Rbd8 28. Bd2 Rhf8 29. Rbe1 Rf7 30. Bc3 Bxc3 31. Qxc3+ Kg8 32. Rg6+ Kh7 33. Rg7+ 1-0

[Event "January 2 Late 2024"]
[Site "https://www.chess.com"]
[Date "2024.01.02"]
[Round "7"]
[White "Salem, A.R. Saleh"]
[Black "Atanasov, Anthony"]
[Result "1-0"]
[Board "18"]
[TimeControl "180+1"]
[WhiteFideId "9301348"]
[BlackFideId "2623897"]
[WhiteElo "2978"]
[BlackElo "2676"]
[WhiteTeam "UAE"]
[BlackTeam "CAN"]
[WhiteClock "0:00:36"]
[BlackClock "0:00:00"]

1. d4 Nf6 2. c4 c6 3. Nf3 d5 4. Nc3 a6 5. g3 Bf5 6. Bg2 e6 7. O-O Be7 8. Nh4 Bg4 9. Qb3 b5 10. cxd5 cxd5 11. h3 Bh5 12. e4 Nxe4 13. Nxe4 dxe4 14. Bxe4 Ra7 15. d5 Bxh4 16. gxh4 Qxh4 17. Bg2 exd5 18. Re1+ Re7 19. Rxe7+ Qxe7 20. Qxd5 Qe1+ 21. Kh2 O-O 22. Qxh5 Qxf2 23. Qf3 Qc2 24. Qc3 Qa4 25. b4 Nd7 26. Bb2 Nf6 27. Bd5 a5 28. Rg1 Re8 29. Rxg7+ 1-0

[Event "January 2 Late 2024"]
[Site "https://www.chess.com"]
[Date "2024.01.02"]
[Round "7"]
[White "Adewumi, Tanitoluwa"]
[Black "Nepomniachtchi, Ian"]
[Result "0-1"]
[Board "19"]
[TimeControl "180+1"]
[WhiteFideId "30966396"]
[BlackFideId "4168119"]
[WhiteElo "2719"]
[BlackElo "3120"]
[WhiteTeam "USA"]
[BlackTeam "RUS"]
[WhiteClock "0:00:00"]
[BlackClock "0:01:30"]

1. e4 c5 2. Nf3 d6 3. Bb5+ Nd7 4. c3 a6 5. Bd3 Ngf6 6. Bc2 g6 7. d4 Bg7 8. O-O O-O 9. Re1 e5 10. dxe5 Nxe5 11. Nxe5 dxe5 12. Qxd8 Rxd8 13. Be3 c4 14. h3 Be6 15. a4 Bf8 16. a5 Nd7 17. Nd2 Nc5 18. Red1 f6 19. Rab1 Rac8 20. Kf1 Kf7 21. Ke2 h5 22. Bxc5 Rxc5 23. b4 cxb3 24. Bxb3 Rxa5 25. Bxe6+ Kxe6 26. Rb6+ Rd6 27. Rdb1 Ra2 28. Rxd6+ Kxd6 29. Rxb7 Bh6 0-1

[Event "January 2 Late 2024"]
[Site "https://www.chess.com"]
[Date "2024.01.02"]
[Round "7"]
[White "Flores, Diego"]
[Black "Duda, Jan-Krzysztof"]
[Result "0-1"]
[Board "20"]
[TimeControl "180+1"]
[WhiteFideId "108049"]
[BlackFideId "1170546"]
[WhiteElo "2748"]
[BlackElo "3045"]
[WhiteTeam "ARG"]
[BlackTeam "POL"]
[WhiteClock "0:00:04"]
[BlackClock "0:01:25"]

1. c4 Nf6 2. Nc3 d5 3. cxd5 Nxd5 4. g3 e5 5. Bg2 Nf6 6. Nf3 Nc6 7. O-O h6 8. a3 Bd6 9. b4 a6 10. d3 O-O 11. Nd2 Bd7 12. Nc4 Re8 13. Be3 Rb8 14. b5 axb5 15. Nxd6 cxd6 16. Nxb5 Be6 17. Bd2 Qd7 18. Rc1 d5 19. Re1 Bh3 20. Bh1 Ra8 21. a4 Ra6 22. Qb3 Rea8 23. Ra1 d4 24. a5 Nxa5 25. Bxa5 Rxa5 26. Rxa5 Rxa5 27. Na3 b5 28. Rb1 Be6 29. Qb2 Qe7 30. Nxb5 Ra2 31. Qc1 Rxe2 32. Rb2 Rxb2 33. Qxb2 Qc5 34. Na3 Bf5 35. Nc4 Bxd3 36. Qb8+ Kh7 37. Nxe5 Qc1+ 38. Kg2 Qf1+ 0-1

[Event "January 2 Late 2024"]
[Site "https://www.chess.com"]
[Date "2024.01.02"]
[Round "7"]
[White "Anton Guijarro, David"]
[Black "Zarubitski, Viachaslau"]
[Result "1-0"]
[Board "21"]
[TimeControl "180+1"]
[WhiteFideId "2285525"]
[BlackFideId "13509373"]
[WhiteElo "2980"]
[BlackElo "2732"]
[WhiteTeam "ESP"]
[BlackTeam "BLR"]
[WhiteClock "0:00:37"]
[BlackClock "0:00:07"]

1. Nf3 c5 2. e3 Nf6 3. d4 b6 4. d5 e6 5. c4 exd5 6. cxd5 d6 7. Nc3 g6 8. Bb5+ Bd7 9. a4 a6 10. Be2 Bg7 11. Nd2 O-O 12. O-O Re8 13. e4 Qc7 14. Qc2 Qb7 15. Nc4 Bf8 16. Bg5 Ng4 17. Bxg4 Bxg4 18. f3 Bd7 19. Bf4 Qc7 20. Qf2 Bc8 21. Qg3 Rd8 22. e5 Bf5 23. Nxd6 Bxd6 24. exd6 Qd7 25. Qg5 Rf8 26. Rfe1 f6 27. Qg3 Rf7 28. Re7 Rxe7 29. dxe7 Qxe7 30. Bxb8 Qe3+ 31. Kh1 Qd2 32. Re1 Qxb2 33. Qc7 Rxb8 34. Qxb8+ Kg7 35. Qc7+ 1-0

[Event "January 2 Late 2024"]
[Site "https://www.chess.com"]
[Date "2024.01.02"]
[Round "7"]
[White "Rastbod, Ali"]
[Black "Kramnik, Vladimir"]
[Result "1-0"]
[Board "22"]
[TimeControl "180+1"]
[WhiteFideId "12567477"]
[BlackFideId "4101588"]
[WhiteElo "2728"]
[BlackElo "2973"]
[WhiteTeam "IRI"]
[BlackTeam "RUS"]
[WhiteClock "0:00:03"]
[BlackClock "0:00:00"]

1. c4 c5 2. Nc3 g6 3. g3 Bg7 4. Bg2 Nc6 5. a3 b6 6. b4 Bb7 7. Rb1 Qc8 8. Nh3 Nxb4 9. Bxb7 Qxb7 10. O-O Nc6 11. Ne4 d6 12. Nf4 Qd7 13. d3 h5 14. h4 Nh6 15. Nd5 Nf5 16. Bb2 O-O 17. Bxg7 Kxg7 18. Qd2 Nfd4 19. Kg2 f6 20. e3 Nf5 21. Qc3 Ne5 22. Rfe1 Rac8 23. f3 Nh6 24. a4 Nc6 25. Rb2 Qe6 26. Qd2 Nf7 27. Nf4 Qd7 28. Nd5 Nfe5 29. Rc2 e6 30. Nf4 d5 31. cxd5 exd5 32. Nf2 d4 33. e4 Nb4 34. Rb2 a5 35. Ra1 c4 36. Rxb4 c3 37. Rxd4 Qxd4 38. Ne6+ Kh7 39. Nxf8+ Rxf8 40. Qc2 Rc8 41. Rc1 Rc5 42. f4 Nc6 43. Qb3 Kg7 44. Qxb6 c2 45. Qc7+ Kf8 46. Qc8+ Ke7 47. Qc7+ Qd7 48. Qb6 Qd4 49. Qc7+ Kf8 50. Qc8+ Qd8 51. Qb7 Nb4 52. Qh7 Na2 53. Qh8+ Ke7 54. Qg7+ Kd6 55. d4 Nxc1 56. e5+ Kd5 57. dxc5 Kc4 58. c6 Qd5+ 59. Kh2 Qxc6 60. exf6 1-0

[Event "January 2 Late 2024"]
[Site "https://www.chess.com"]
[Date "2024.01.02"]
[Round "7"]
[White "Makridis, Dimitrios"]
[Black "Rasulov, Vugar"]
[Result "0-1"]
[Board "23"]
[TimeControl "180+1"]
[WhiteFideId "25864475"]
[BlackFideId "13402390"]
[WhiteElo "2720"]
[BlackElo "2968"]
[WhiteTeam "GRE"]
[BlackTeam "AZE"]
[WhiteClock "0:00:03"]
[BlackClock "0:00:30"]

1. e4 c5 2. Nf3 Nc6 3. Bb5 d6 4. O-O Bd7 5. Re1 a6 6. Bf1 Bg4 7. c3 g6 8. h3 Bxf3 9. Qxf3 Bg7 10. d3 Nf6 11. Nd2 O-O 12. g3 Nd7 13. Qe2 b5 14. f4 b4 15. c4 Nd4 16. Qd1 e5 17. Nf3 exf4 18. Bxf4 Nxf3+ 19. Qxf3 Bxb2 20. Rab1 Be5 21. Bg2 a5 22. Bxe5 Nxe5 23. Qe3 a4 24. d4 Nxc4 25. Qd3 Na3 26. Rbd1 c4 27. Qe2 b3 28. e5 Nc2 29. Rf1 Qg5 30. Bxa8 Rxa8 31. Rf3 dxe5 32. Qxc4 Nxd4 33. Qxf7+ Kh8 34. Rc3 b2 35. Kh2 Qf5 36. Qb7 Qf2+ 37. Kh1 Rf8 38. Qe7 Qf5 39. Re1 b1=Q 40. Rxb1 Qxh3+ 41. Kg1 Ne2# 0-1

[Event "January 2 Late 2024"]
[Site "https://www.chess.com"]
[Date "2024.01.02"]
[Round "7"]
[White "Han, Yichen"]
[Black "Tari, Aryan"]
[Result "0-1"]
[Board "24"]
[TimeControl "180+1"]
[WhiteFideId "1054430"]
[BlackFideId "1510045"]
[WhiteElo "2707"]
[BlackElo "2907"]
[WhiteTeam "NED"]
[BlackTeam "NOR"]
[WhiteClock "0:00:07"]
[BlackClock "0:00:16"]

1. d4 d5 2. c4 e6 3. Nf3 Nf6 4. g3 h6 5. Bg2 Bd6 6. O-O O-O 7. b3 b6 8. Bb2 Bb7 9. Nbd2 Nbd7 10. Qc2 c5 11. Rfd1 Rc8 12. Rac1 Qe7 13. Qb1 a6 14. e3 cxd4 15. Nxd4 Ba3 16. cxd5 Nxd5 17. Nc4 Bxb2 18. Qxb2 Ba8 19. Nf5 exf5 20. Bxd5 Bxd5 21. Rxd5 b5 22. Nd6 Rxc1+ 23. Qxc1 Nf6 24. Rd4 Qe6 25. Qc6 Ng4 26. Qd5 Qxd5 27. Rxd5 g6 28. Nb7 Nf6 29. Rd8 Ne4 30. Rxf8+ Kxf8 31. f3 Nc3 32. a3 Ke7 33. Nc5 a5 34. Kf2 a4 35. bxa4 bxa4 36. Ke1 Kd6 37. Kd2 Nb1+ 38. Kc1 Nxa3 39. Nxa4 Nc4 40. e4 fxe4 41. fxe4 Ke5 42. Nc3 Kd4 43. Kc2 Ne3+ 44. Kd2 Nf1+ 45. Ke2 Nxh2 46. Nd5 Kxe4 47. Nf6+ Ke5 48. Nd7+ Ke6 49. Nc5+ Kf5 50. Kf2 Ng4+ 51. Kg2 Nf6 52. Nd3 g5 53. Nf2 Ng4 54. Nd1 Ke4 55. Nc3+ Kf5 56. Nd5 h5 57. Ne7+ Ke6 58. Nc6 Ne5 59. Nd4+ Kf6 60. Nc2 Nc6 61. Ne3 Ke5 62. Nc4+ Kf5 63. Nd6+ Kg6 64. Ne4 f6 65. Nc5 Ne5 66. Ne6 Nd7 67. Nd4 f5 68. Ne6 Kf6 69. Nc7 Ke5 70. Na6 Nf6 71. Nc5 Ne4 72. Nd3+ Kd4 73. Nb4 Nd6 74. Nc6+ Ke4 75. Ne7 f4 76. Ng8 Kf5 77. Nh6+ Kg6 78. Ng8 Kf7 79. Nh6+ Kg7 80. gxf4 Kxh6 81. fxg5+ Kxg5 82. Kh3 h4 83. Kh2 Kg4 84. Kh1 Kg3 85. Kg1 Ne4 86. Kh1 Nf2+ 87. Kg1 h3 88. Kf1 h2 89. Ke2 h1=Q 0-1

[Event "January 2 Late 2024"]
[Site "https://www.chess.com"]
[Date "2024.01.02"]
[Round "7"]
[White "Araujo Sanchez, Josue"]
[Black "Livaic, Leon"]
[Result "0-1"]
[Board "25"]
[TimeControl "180+1"]
[WhiteFideId "6416896"]
[BlackFideId "14531534"]
[WhiteElo "2706"]
[BlackElo "2901"]
[WhiteTeam "DOM"]
[BlackTeam "CRO"]
[WhiteClock "0:02:19"]
[BlackClock "0:01:18"]

1. e4 e6 2. d4 d5 3. Bd2 dxe4 4. Bc3 Nf6 5. Nd2 Nc6 6. Bb5 Bd7 7. Ne2 a6 8. Ba4 b5 9. Bb3 b4 10. d5 bxc3 11. dxc6 cxd2+ 12. Qxd2 Bxc6 13. Qc3 Bb5 14. Rd1 Bd6 15. Nd4 O-O 16. a4 Bd7 17. O-O Nd5 18. Qh3 Rb8 19. Rfe1 Nf6 20. Qh4 e5 21. Ne2 Qe8 22. Ra1 Be6 0-1

[Event "January 2 Late 2024"]
[Site "https://www.chess.com"]
[Date "2024.01.02"]
[Round "7"]
[White "Ibarra Jerez, Jose Carlos"]
[Black "Tanriverdi, Enes"]
[Result "1-0"]
[Board "26"]
[TimeControl "180+1"]
[WhiteFideId "2226332"]
[BlackFideId "34543279"]
[WhiteElo "2892"]
[BlackElo "2705"]
[WhiteTeam "ESP"]
[BlackTeam "TUR"]
[WhiteClock "0:01:37"]
[BlackClock "0:00:05"]

1. e4 c5 2. Nf3 d6 3. c3 Nf6 4. h3 Nc6 5. Bd3 g6 6. Bc2 Bg7 7. O-O O-O 8. d4 b6 9. Re1 Bb7 10. d5 Na5 11. Nbd2 b5 12. a4 b4 13. c4 e6 14. Rb1 exd5 15. exd5 Re8 16. b3 Bc8 17. Nf1 Rxe1 18. Qxe1 Qe8 19. Bf4 Nb7 20. Qd2 Bf5 21. Bxf5 gxf5 22. Re1 Ne4 23. Qd3 Bc3 24. Re2 Na5 25. Ne3 Qd7 26. Nh4 Bd4 27. Nexf5 Nxf2 28. Rxf2 Bxf2+ 29. Kxf2 Kh8 30. Bg5 1-0

[Event "January 2 Late 2024"]
[Site "https://www.chess.com"]
[Date "2024.01.02"]
[Round "7"]
[White "Batsuren, Dambasuren"]
[Black "Rosen, Eric"]
[Result "0-1"]
[Board "27"]
[TimeControl "180+1"]
[WhiteFideId "4902920"]
[BlackFideId "2032562"]
[WhiteElo "2863"]
[BlackElo "2692"]
[WhiteTeam "MGL"]
[BlackTeam "USA"]
[WhiteClock "0:00:00"]
[BlackClock "0:00:03"]

1. d4 d5 2. c4 e6 3. Nf3 Nf6 4. g3 dxc4 5. Bg2 Bb4+ 6. Nbd2 b5 7. a4 c6 8. Qc2 Bb7 9. h4 Qb6 10. h5 h6 11. Kf1 Nbd7 12. e4 e5 13. Nxe5 Nxe5 14. dxe5 Ng4 15. Nf3 Bc5 16. a5 Qc7 17. Bf4 Bxf2 18. Qc3 Ba6 19. e6 Qxf4 20. gxf4 b4 21. exf7+ Ke7 22. Bh3 bxc3 23. bxc3 Be3 24. Bxg4 Bxf4 25. Nd4 c5 26. Ne6 Be5 27. Nxc5 Bc8 28. Bxc8 Raxc8 29. Na4 Kxf7 30. Ke2 Ke6 31. Rab1 Rc7 32. Rb5 Rd8 33. Rc5 Rdc8 34. Rxc7 Rxc7 35. Rd1 Rc6 36. Rd5 Bd6 37. Ke3 Be7 38. Kd4 Kf7 39. e5 g6 40. hxg6+ Kxg6 41. Rd7 Bg5 42. Rxa7 h5 43. Kd5 Rc8 44. Nb6 Rd8+ 45. Kxc4 h4 46. Nd5 h3 47. Ra6+ Kf5 48. e6 h2 49. e7 Re8 50. Ne3+ Bxe3 0-1

[Event "January 2 Late 2024"]
[Site "https://www.chess.com"]
[Date "2024.01.02"]
[Round "7"]
[White "Riff, Vincent"]
[Black "Lobanov, Sergei"]
[Result "1-0"]
[Board "28"]
[TimeControl "180+1"]
[WhiteFideId "617776"]
[BlackFideId "24183750"]
[WhiteElo "2686"]
[BlackElo "2840"]
[WhiteTeam "FRA"]
[BlackTeam "FID"]
[WhiteClock "0:00:27"]
[BlackClock "0:00:07"]

1. e4 e5 2. Nf3 Nc6 3. Bb5 a6 4. Ba4 Nf6 5. O-O b5 6. Bb3 Bc5 7. a4 Rb8 8. Nxe5 Nxe5 9. d4 Bxd4 10. Qxd4 d6 11. f4 Nc6 12. Qc3 Bb7 13. e5 Ne4 14. Qe1 Nd4 15. Nc3 Nxb3 16. cxb3 Nxc3 17. Qxc3 O-O 18. Be3 dxe5 19. fxe5 Qd5 20. Rf3 Rfe8 21. Rg3 Rxe5 22. Bd4 Re2 23. Rxg7+ Kf8 24. Bc5+ Ke8 25. Re1 Rxe1+ 26. Qxe1+ Kd7 27. Qe7+ Kc6 28. Qf6+ Kxc5 29. Rg5 Re8 30. Rxd5+ Bxd5 31. Qxa6 c6 32. axb5 cxb5 33. Qa7+ Kc6 34. b4 Re1+ 35. Kf2 Rc1 36. Qa8+ Kd6 37. Qd8+ Ke6 38. Qe8+ Kd6 39. Qf8+ Ke6 40. Qh6+ 1-0

[Event "January 2 Late 2024"]
[Site "https://www.chess.com"]
[Date "2024.01.02"]
[Round "7"]
[White "Jakubowski, Krzysztof"]
[Black "Kadric, Denis"]
[Result "0-1"]
[Board "29"]
[TimeControl "180+1"]
[WhiteFideId "1112848"]
[BlackFideId "14403803"]
[WhiteElo "2674"]
[BlackElo "2834"]
[WhiteTeam "POL"]
[BlackTeam "MNE"]
[WhiteClock "0:00:00"]
[BlackClock "0:00:11"]

1. e4 d6 2. d4 Nf6 3. Nc3 e5 4. Nge2 Nbd7 5. h3 h5 6. Be3 c6 7. g3 b5 8. Bg2 Bb7 9. O-O Be7 10. a3 Qc7 11. Qd2 O-O 12. Rad1 Rfe8 13. f4 a6 14. Kh1 Bf8 15. fxe5 dxe5 16. Bg5 exd4 17. Nxd4 c5 18. Nf5 Rad8 19. Qf2 Qe5 20. Rde1 b4 21. Nd5 Bxd5 22. exd5 Qxb2 23. Rb1 Qxa3 24. Nh6+ gxh6 25. Bxf6 Nxf6 26. Rb3 Qa2 27. Qxf6 Rd7 28. d6 Re6 29. Qf5 Rexd6 30. Be4 Bg7 31. Rbf3 Qe6 32. Qh7+ Kf8 33. Bf5 Qc4 34. Bxd7 Rxd7 35. R1f2 a5 36. Qf5 Qd5 37. Qf4 a4 38. Kh2 a3 39. Rd3 Qe6 40. Qb8+ Ke7 41. Rxd7+ Qxd7 42. Re2+ Kf6 43. Qf4+ Kg6 44. Qe4+ Qf5 45. Qc6+ Kh7 46. Qa6 Bd4 47. h4 Qf3 48. Rg2 Qd5 49. Qa7 a2 50. Re2 a1=Q 0-1

[Event "January 2 Late 2024"]
[Site "https://www.chess.com"]
[Date "2024.01.02"]
[Round "7"]
[White "Troff, Kayden"]
[Black "Bjelobrk, Igor"]
[Result "1-0"]
[Board "30"]
[TimeControl "180+1"]
[WhiteFideId "2047896"]
[BlackFideId "4300726"]
[WhiteElo "2805"]
[BlackElo "2654"]
[WhiteTeam "USA"]
[BlackTeam "AUS"]
[WhiteClock "0:00:08"]
[BlackClock "0:00:05"]

1. d4 e6 2. Nf3 c5 3. Bf4 cxd4 4. Qxd4 Nc6 5. Qd2 d5 6. e3 Nf6 7. Bd3 Be7 8. O-O O-O 9. Nc3 b6 10. Rad1 Bb7 11. e4 Nb4 12. e5 Ne4 13. Bxe4 dxe4 14. Nd4 Bc5 15. a3 Nd5 16. Bg5 Qc7 17. Nxe4 Bxd4 18. Qxd4 Qxc2 19. Rc1 Qe2 20. Nd6 Ba6 21. Rfe1 Qh5 22. Qh4 Qg6 23. Re4 h6 24. Rg4 hxg5 25. Rxg5 Qh7 26. Rh5 Bd3 27. Rxh7 Bxh7 28. g3 Rad8 29. Rc4 f6 30. Rg4 fxe5 31. Ne4 Bf5 32. Rg5 Rd7 33. Rh5 Kf7 34. Ng5+ Ke8 35. Rh8 Nf6 36. Rxf8+ Kxf8 37. Qh8+ Ke7 38. Qxg7+ Kd6 39. Qxf6 Rc7 40. Nf7+ Kd7 41. Nxe5+ Kd6 42. Nf7+ Kd7 43. Ne5+ Kd6 44. f4 Be4 45. Kf2 Rc2+ 46. Ke3 Bd5 47. Qd8+ Kc5 48. Qc7+ 1-0

[Event "January 2 Late 2024"]
[Site "https://www.chess.com"]
[Date "2024.01.02"]
[Round "7"]
[White "Yagupov, Igor"]
[Black "Yarar, Bora"]
[Result "0-1"]
[Board "31"]
[TimeControl "180+1"]
[WhiteFideId "4113632"]
[BlackFideId "34588400"]
[WhiteElo "2640"]
[BlackElo "2765"]
[WhiteTeam "RUS"]
[BlackTeam "TUR"]
[WhiteClock "0:00:00"]
[BlackClock "0:00:15"]

1. e4 e6 2. d4 d5 3. Nc3 Nf6 4. e5 Nfd7 5. f4 c5 6. Nf3 Nc6 7. Be3 Qb6 8. Na4 Qa5+ 9. c3 b6 10. Bd2 c4 11. b4 Nxb4 12. cxb4 Bxb4 13. Rc1 Bxd2+ 14. Nxd2 b5 15. Nc3 O-O 16. a4 b4 17. Nb5 c3 18. Nb3 Qd8 19. a5 f6 20. Bd3 fxe5 21. fxe5 Qg5 22. Rc2 Ba6 23. Re2 Bxb5 24. Bxb5 Rad8 25. Rf1 Rxf1+ 26. Kxf1 Nf8 27. Rf2 Ng6 28. Qf3 Rf8 29. Qg3 Rxf2+ 30. Kxf2 Qf5+ 31. Qf3 Qc2+ 32. Kg3 Ne7 33. Bd7 Qf5 34. Qxf5 Nxf5+ 35. Kf3 Kf7 36. g4 Nh4+ 37. Kg3 Ng6 38. Ba4 Ke7 39. Nc5 Nf8 40. Nd3 g5 41. Nxb4 Ng6 42. Nd3 h6 43. Bc2 Kd8 44. Kf3 Kc7 45. Ke3 Kc6 46. Ba4+ Kb7 47. Bb5 c2 0-1

[Event "January 2 Late 2024"]
[Site "https://www.chess.com"]
[Date "2024.01.02"]
[Round "7"]
[White "CamillaEffect"]
[Black "Fedoseev, Vladimir"]
[Result "0-1"]
[Board "32"]
[TimeControl "180+1"]
[BlackFideId "24130737"]
[WhiteElo "2651"]
[BlackElo "3010"]
[BlackTeam "SLO"]
[WhiteClock "0:00:00"]
[BlackClock "0:02:03"]

1. e4 c6 2. d4 d5 3. exd5 cxd5 4. c4 Nf6 5. Nc3 Nc6 6. Bg5 Be6 7. Nf3 h6 8. Bxf6 exf6 9. c5 g5 10. Bb5 Bg7 11. b4 O-O 12. Bxc6 bxc6 13. O-O g4 14. Nd2 f5 15. Nb3 f4 16. b5 cxb5 17. Nxb5 f3 18. gxf3 Qh4 19. fxg4 Bxg4 20. Qd3 Rae8 21. Qg3 Qh5 22. Rfe1 Re6 23. Rxe6 fxe6 24. Re1 Rf3 25. Qb8+ Kh7 26. Re3 Bh3 27. Qg3 Rxe3 28. fxe3 Qd1+ 0-1

[Event "January 2 Late 2024"]
[Site "https://www.chess.com"]
[Date "2024.01.02"]
[Round "7"]
[White "Banzea, Alexandru-Bogdan"]
[Black "Hakobyan, Aram"]
[Result "0-1"]
[Board "33"]
[TimeControl "180+1"]
[WhiteFideId "1232622"]
[BlackFideId "13306677"]
[WhiteElo "2672"]
[BlackElo "3007"]
[WhiteTeam "ROU"]
[BlackTeam "ARM"]
[WhiteClock "0:00:00"]
[BlackClock "0:01:42"]

1. d4 Nf6 2. Nc3 c5 3. d5 d6 4. e4 g6 5. Nf3 Bg4 6. h3 Bxf3 7. Qxf3 a6 8. a4 Nbd7 9. Qd1 Bg7 10. Bc4 O-O 11. O-O Rb8 12. Re1 Ne8 13. Bf1 Nc7 14. a5 e6 15. dxe6 Nxe6 16. Qxd6 Nd4 17. Nd5 Be5 18. Qe7 Nxc2 19. Bg5 Qxe7 20. Bxe7 Rfe8 21. Bc4 Nxa1 22. Rxa1 Bxb2 23. Rb1 Be5 24. f4 Bd4+ 25. Kf1 b5 26. axb6 Nxb6 27. Ba2 Nxd5 28. Rxb8 Ne3+ 29. Ke2 Rxb8 0-1